 Dungeon Crawl Stone Soup version 0.30-a0-219-gf2db51d15e (webtiles) character file.

Game seed: 16262770639637465037

127903 zishaf the Impassioned (level 17, 0/89 HPs)
             Began as a Vine Stalker Brigand on Oct 6, 2022.
             Was a Believer of Uskayaw.
             Succumbed to poison (poison gas)
             ... on level 2 of the Swamp.
             The game lasted 01:11:51 (24889 turns).

zishaf the Impassioned (Vine Stalker Brigand)      Turns: 24889, Time: 01:11:52

Health: 0/89       AC: 17    Str: 17    XL:     17   Next: 2%
Magic:  22/31      EV: 17    Int: 11    God:    Uskayaw [**....]
Gold:   1452       SH:  7    Dex: 21    Spells: 16/16 levels left

rFire   . . .      SeeInvis .    b - +3 dagger (elec)
rCold   + + .      Faith    .    K - +1 buckler {rC+}
rNeg    . . .      Spirit   +    z - +4 leather armour of the Vestibule of Hell {rC+ rCorr}
rPois   .          Reflect  .    W - +2 hat
rElec   .          Harm     .    l - +2 cloak {Will+}
rCorr   +          Rampage  .    B - +0 pair of gloves
Will    +++..                    p - +2 pair of boots
Stlth   ++++++....               m - amulet of regeneration
HPRegen 1.94/turn                i - +4 ring of evasion
MPRegen 0.22/turn                y - ring of flight

@: lethally poisoned (0 -> -23), flying, studying 2 skills
A: fangs 3, regeneration 1, magic shield, antimagic bite, no potion heal 2,
frail 1
a: Renounce Religion, Stomp, Line Pass


You were on level 2 of the Swamp.
You worshipped Uskayaw.
Uskayaw was most pleased with you.
You visited 4 branches of the dungeon, and saw 24 of its levels.
You also visited: Sewer, Bailey, Ice Cave and Volcano.

You collected 2962 gold pieces.
You spent 1510 gold pieces at shops.

Inventory:

Hand Weapons
 a - a +5 dagger of speed
 b - a +3 dagger of electrocution (weapon)
Missiles
 e - 13 curare-tipped darts
 j - 18 boomerangs (quivered)
 P - 10 silver javelins
 Q - 3 throwing nets
Armour
 l - a +2 cloak of willpower (worn)
 p - a +2 pair of boots (worn)
 q - a +0 pair of boots of rampaging
 s - the +3 salamander hide armour {Flames rF++ rC--}
   (You found it on level 5 of the Dungeon)

   It surrounds you with a cloud of flames.
   It grants immunity to clouds of flame.
   It enhances your fire magic.
   rF:        It greatly protects you from fire.
   rC:        It makes you very vulnerable to cold.
 z - the +4 leather armour of the Vestibule of Hell (worn) {rC+ rCorr}
   (You found it on level 14 of the Dungeon)

   rC:        It protects you from cold.
   rCorr:     It protects you from acid and corrosion.
 B - a +0 pair of gloves (worn)
 J - a +2 ring mail of fire resistance
 K - a +1 buckler of cold resistance (worn)
 S - the +3 chain mail "Pyup" {Int+7}
   (You found it on level 10 of the Dungeon)

   Int:       It affects your intelligence (+7).
 W - a +2 hat (worn)
Jewellery
 d - a ring of poison resistance
 i - a +4 ring of evasion (left hand)
 m - an amulet of regeneration (around neck)
 y - a ring of flight (right hand)
 G - a +4 ring of evasion
Wands
 o - a wand of flame (40)
 x - a wand of paralysis (14)
 C - a wand of acid (4)
 E - a wand of roots (29)
 I - a wand of mindburst (31)
Scrolls
 c - 2 scrolls of brand weapon
 g - 7 scrolls of fog
 k - 4 scrolls of fear
 n - 2 scrolls of poison
 t - 3 scrolls of blinking
 H - a scroll of summoning
 O - 6 scrolls of teleportation
 X - 5 scrolls of enchant armour
 Z - 3 scrolls of magic mapping
Potions
 f - 8 potions of curing
 h - 6 potions of lignification
 r - 4 potions of ambrosia
 u - 3 potions of cancellation
 v - 3 potions of mutation
 w - 5 potions of might
 A - 4 potions of magic
 F - 4 potions of berserk rage
 L - 7 potions of invisibility
 N - 7 potions of haste
 R - 10 potions of attraction
 T - 4 potions of brilliance
 Y - a potion of resistance
Miscellaneous
 D - a phial of floods
 M - a phantom mirror
 V - a tin of tremorstones (2/2)


   Skills:
 + Level 15.0 Fighting
 + Level 8.4 Short Blades
 - Level 2.0 Throwing
 - Level 4.0 Armour
 - Level 4.0 Dodging
 + Level 13.8 Stealth
 - Level 5.0 Shields
 + Level 19.2 Invocations
 + Level 5.5 Evocations


You had 16 spell levels left.
You didn't know any spells.
Your spell library contained the following spells:

 Spells                   Type           Power      Damage    Failure   Level
 Apportation              Tloc           0%         N/A       50%         1
 Foxfire                  Conj/Fire      0%         2x1d4     50%         1
 Magic Dart               Conj           0%         1d3       50%         1
 Necrotise                Necr           0%         1d4       50%         1
 Sandblast                Erth           0%         2d4       50%         1
 Summon Small Mammal      Summ           0%         N/A       50%         1
 Ensorcelled Hibernation  Hex/Ice        0%         N/A       63%         2
 Passwall                 Tmut/Erth      0%         N/A       63%         2
 Searing Ray              Conj           0%         2d4       63%         2
 Sublimation of Blood     Necr           0%         N/A       63%         2
 Gell's Gravitas          Tloc           0%         N/A       86%         3
 Kindle Blastsparks       Fire/Tloc/Air  0%         2d10      86%         3
 Lesser Beckoning         Tloc           0%         N/A       86%         3
 Stone Arrow              Conj/Erth      0%         3d7       86%         3
 Swiftness                Air            0%         N/A       86%         3
 Teleport Other           Tloc           0%         N/A       86%         3
 Vhi's Electric Charge    Tloc/Air       0%         N/A       86%         3
 Fulminant Prism          Conj/Hex       0%         3d6       99%         4
 Iskenderun's Mystic Bla  Conj/Tloc      0%         2d3       99%         4
 Leda's Liquefaction      Hex/Erth       0%         N/A       99%         4
 Petrify                  Tmut/Erth      0%         N/A       99%         4
 Arcjolt                  Conj/Air       0%         1d10      100%        5
 Blade Hands              Tmut           0%         N/A       100%        5
 Fireball                 Conj/Fire      0%         3d3       100%        5
 Irradiate                Conj/Tmut      0%         3d11      100%        5
 Iskenderun's Battlesphe  Conj           0%         2d6       100%        5
 Lee's Rapid Deconstruct  Erth           0%         3d5*      100%        5
 Summon Forest            Summ/Tloc      0%         N/A       100%        5
 Conjure Ball Lightning   Conj/Air       0%         3x3d6     100%        6
 Eringya's Noxious Bog    Tmut/Pois      0%         N/A       100%        6
 Starburst                Conj/Fire      0%         6d3       100%        6
 Statue Form              Tmut/Erth      0%         N/A       100%        6
 Dragon Form              Tmut           0%         N/A       100%        7
 Orb of Destruction       Conj           0%         9d5       100%        7
 Summon Hydra             Summ           0%         N/A       100%        7
 Maxwell's Capacitive Co  Air            0%         ∞         100%        8


Dungeon Overview and Level Annotations

Branches:
Dungeon (15/15)            Temple (0/1) D:6            Lair (5/5) D:11
  Swamp (2/4) Lair:3       Spider (0/4) Lair:2        Slime (0/5) Lair:5
    Orc (2/2) D:11            Elf (0/3) Orc:2        Vaults (0/5) D:14
 Depths (0/4) D:15          Sewer (visited)          Bailey (visited)
  IceCv (visited)         Volcano (visited)

Altars:
Ashenzari
Cheibriados
Dithmenos
Fedhas
Hepliaklqana
Makhleb
Okawaru
Uskayaw
Zin
Jiyva

Shops:
D:1 (*[*   D:14 :   Orc:2 ((*:?

Portals:
Abyss: Lair:3
Pandemonium: Orc:2

Annotations:
Lair:1 3 runed translucent doors, billz999's ghost, journeyman OgAE


Innate Abilities, Weirdness & Mutations

You have razor-sharp teeth.
Your natural rate of healing is unusually fast.
When hurt, damage is shared between your health and your magic reserves.
Your bite disrupts and absorbs the magic of your enemies.
Potions cannot restore your health.
You are frail. (-10% HP)


Message History

You are more poisoned.
* * * LOW HITPOINT WARNING * * *
You feel very sick.
Unknown command.
Unknown command.
You hit the swamp dragon but do no damage.
You bite the swamp dragon! You drain its power.
The swamp dragon is almost dead.
You are engulfed in poison gas.
You are lethally poisoned!
* * * LOW HITPOINT WARNING * * *
x2 You feel extremely sick.
You block the swamp dragon's attack. x2
The swamp dragon tramples you but does no damage.
Your system rejects the healing.
You feel better.
You are engulfed in poison gas.
You are poisoned.
* * * LOW HITPOINT WARNING * * *
You feel very sick. The swamp dragon closely misses you.
You block the swamp dragon's attack.
The swamp dragon tramples you but does no damage.
You hit the swamp dragon but do no damage.
Lightning courses through the swamp dragon!
You bite the swamp dragon, but do no damage.
The swamp dragon is almost dead.
You are engulfed in poison gas.
You are lethally poisoned!
* * * LOW HITPOINT WARNING * * *
You feel very sick.
You block the swamp dragon's attack. x2; The swamp dragon closely misses you.
Aiming: Corrosive Bolt
Press: ? - help, Shift-Dir - straight line, f - swamp dragon
Aim: a swamp dragon (almost dead, 84% to hit)
The bolt of acid hits the swamp dragon!
The acid corrodes the swamp dragon!
You kill the swamp dragon!
The swamp dragon scales are intact enough to wear.
You are engulfed in poison gas.
You are more poisoned.
* * * LOW HITPOINT WARNING * * *
You die...

~..♣♣ ♣♣~♣..~.♣.♣.♣♣.~.♣♣..~.~♣♣
~~~.♣♣♣♣♣.~.~..~......~♣♣♣..~§~♣
§♣~~.♣.♣...♣....♣.~~.~♣♣ ♣♣..~♣♣
♣≈♣~~~~.♣~♣♣....♣~~~.♣♣ ♣♣.<.♣
≈≈≈♣§~~.~♣♣♣♣.~♣♣.♣..♣ ♣♣..♣
≈≈≈≈♣..~.~♣♣♣♣♣♣~~~~♣♣ ♣♣..♣
≈≈≈≈≈~.~♣~~♣♣♣♣♣.~~.♣ ~.♣
≈≈≈≈♣~♣~.~.~~~.○°~..♣ ~~♣
≈≈≈♣..♣♣...~..○[@°♣.♣ ♣~.
≈♣.♣~♣♣♣.~.~..~°○○~.♣♣ ♣.
~...♣)♣♣.~>~..~○☼○○♣.♣ .
..~.~♣♣♣...~~§~...~~♣♣ ~~~.♣♣
♣.~~♣~~...~~.♣ ~§..♣
♣~~~†.....~~.♣ ~~.♣♣
♣.~~~.~~..♣~.♣
♣♣.♣♣♣♣♣.~♣~..~..~~.♣
......♣♣.~♣~~§.♣...~.


There were no monsters in sight!

Vanquished Creatures
  Jorgrun (Orc:1)
  Mlioglotl (Swamp:2)
  A thorn hunter (Swamp:1)
  A frost giant (IceCv)
  An iron dragon (D:14)
  A bunyip (Swamp:2)
  Josephine (D:13)
  An ettin (Orc:2)
  The ghost of Losulif the Fighter, a journeyman MiMo of Jiyva (Lair:3)
  2 fire dragons
  2 shambling mangroves
  A great orb of eyes (D:15)
  2 rakshasas (D:15)
  A vault guard (D:14)
  6 hydras
  Fannar (Lair:3)
  A ghost crab (Swamp:1)
  2 death knights
  5 centaur warriors
  An ogre mage (D:15)
  3 boulder beetles
  2 death yaks (IceCv)
  2 catoblepae (D:14)
  An alligator (Swamp:1)
  9 two-headed ogres
  2 tengu warriors
  5 orc high priests (Orc:2)
  A sun demon (Orc:2)
  2 soul eaters
  Nergalle (Lair:3)
  3 goliath frogs
  A skeletal warrior (D:13)
  2 swamp dragons
  9 lindwurms
  4 orc knights (Orc:2)
  2 wizards
  3 bog bodies
  A phantasmal warrior (D:14)
  A harpy (Lair:3)
  8 deep elf pyromancers
  3 deep elf zephyrmancers (D:13)
  4 oklob plants (Lair:5)
  3 cyclopes
  8 orc sorcerers (Orc:2)
  13 ugly things
  4 elephants (Lair:4)
  2 will-o-the-wisps
  4 manticores
  A moth of wrath (shapeshifter) (D:15)
  2 rust devils
  6 black mambas
  9 cane toads
  An ice statue (IceCv)
  2 smoke demons (Volcano)
  2 rime drakes (Lair:5)
  4 gargoyles
  A kobold demonologist (D:11)
  3 ice devils
  2 efreet
  8 komodo dragons
  A freezing wraith (D:15)
  A yaktaur (D:14)
  An unseen horror (D:12)
  2 tengu conjurers
  A troll (Orc:2)
  A hellwing (Orc:2)
  2 tyrant leeches
  6 polar bears (IceCv)
  13 slime creatures
  A wolf spider simulacrum (D:11)
  25 blink frogs
  A raiju (Lair:3)
  9 hornets
  2 shadows
  5 spriggans
  51 yaks
  2 culicivoras (Lair:2)
  10 wraiths
  A culicivora (shapeshifter) (D:14)
  2 vampires
  4 jumping spiders (Lair:2)
  A water elemental (D:14)
  5 wyverns
  5 basilisks
  Grum (D:11)
  2 redbacks (Lair:2)
  9 steam dragons
  10 vampire mosquitoes
  7 swamp worms
  Edmund (D:5)
  7 acid dragons
  14 water moccasins
  A hell hound (Volcano)
  A black bear (shapeshifter) (Lair:3)
  3 ice beasts
  25 orc warriors
  A swamp drake (Lair:5)
  A black bear (D:8)
  A tengu (shapeshifter) (D:9)
  10 ogres
  30 wolves
  21 centaurs
  4 phantoms
  8 kobold brigands
  14 bullfrogs
  2 scorpions
  3 gnoll sergeants
  19 wights
  17 killer bees
  7 howler monkeys
  6 vampire bats (Bailey)
  5 electric eels
  7 wolf zombies (Bailey)
  2 hounds
  4 jellies
  2 gnoll boudas
  26 orc priests
  5 iguanas
  16 orc wizards
  14 gnolls
  7 adders
  2 shadow imps (D:8)
  2 white imps
  4 worms
  4 dart slugs
  54 orcs
  13 endoplasms
  6 giant cockroaches
  7 goblins
  5 hobgoblins
  3 jackals (D:4)
  22 quokkas
  3 training dummies (Orc:2)
  11 ball pythons
  A bat (D:1)
  8 frilled lizards
  18 kobolds
  22 orc zombies (Bailey)
  14 rats
841 creatures vanquished.

Vanquished Creatures (others)
  2 slime creatures
  An orc (D:13)
  23 fungi
  90 plants
116 creatures vanquished.

Grand Total: 957 creatures vanquished

Notes
Turn   | Place    | Note
-------+----------+-------------------------------------------
     0 | D:1      | zishaf the Vine Stalker Brigand began the quest for the
                  | Orb.
     0 | D:1      | Reached XP level 1. HP: 11/11 MP: 2/2
    61 | D:1      | Found Soibaorr's Weapon Emporium.
    91 | D:1      | Found Ewisesoa's Assorted Antiques.
   157 | D:1      | Found Wicothruu's Assorted Antiques.
   566 | D:1      | Reached skill level 1 in Dodging
   566 | D:1      | Reached XP level 2. HP: 15/15 MP: 3/3
   597 | D:1      | Reached skill level 5 in Stealth
   804 | D:1      | Found Resoel's Armour Boutique.
  1137 | D:2      | Reached XP level 3. HP: 18/18 MP: 4/4
  1395 | D:2      | Identified the +4 scale mail of Perfidy {Harm Will+}
  1539 | D:2      | Found a faded altar of an unknown god.
  1551 | D:2      | Gained mutation: Your natural rate of healing is unusually
                  | fast. [Vine Stalker growth]
  1551 | D:2      | Reached XP level 4. HP: 20/23 MP: 3/5
  1592 | D:2      | Prayed at the altar of an unknown god.
  1592 | D:2      | Became a worshipper of Uskayaw the Reveller
  1592 | D:2      | Reached * piety under Uskayaw
  1970 | D:3      | Reached ** piety under Uskayaw
  1993 | D:3      | Found a blossoming altar of Fedhas.
  2223 | D:3      | Found an iron altar of Okawaru.
  2327 | D:3      | Reached *** piety under Uskayaw
  2330 | D:3      | Reached **** piety under Uskayaw
  2435 | D:4      | Reached skill level 1 in Invocations
  2546 | D:4      | Found a shadowy altar of Dithmenos.
  2676 | D:4      | Reached XP level 5. HP: 18/28 MP: 2/7
  2744 | D:4      | Reached skill level 2 in Invocations
  2903 | D:4      | Found a glowing drain.
  2922 | Sewer    | Entered a sewer
  3028 | Sewer    | Reached XP level 6. HP: 32/32 MP: 9/9
  3188 | Sewer    | Reached skill level 3 in Invocations
  3508 | D:4      | Reached XP level 7. HP: 37/37 MP: 10/10
  3638 | D:5      | Entered Level 5 of the Dungeon
  3683 | D:5      | Reached skill level 4 in Invocations
  3696 | D:5      | Reached ***** piety under Uskayaw
  3850 | D:5      | Found the +3 salamander hide armour {Flames rF++ rC--}
  3929 | D:5      | Found a broken altar of Ashenzari.
  4006 | D:5      | Noticed Edmund
  4024 | D:5      | Killed Edmund
  4025 | D:5      | Reached skill level 5 in Invocations
  4198 | D:6      | Gained mutation: You have razor-sharp teeth. [Vine Stalker
                  | growth]
  4198 | D:6      | Reached XP level 8. HP: 42/42 MP: 11/13
  4302 | D:6      | Reached skill level 6 in Invocations
  4327 | D:6      | Found a staircase to the Ecumenical Temple.
  4394 | D:6      | Reached skill level 5 in Fighting
  4394 | D:6      | Reached skill level 5 in Short Blades
  4471 | D:6      | Noticed a +0 hand axe
  4472 | D:6      | Noticed a +0 hand axe
  4831 | D:6      | Found a hide-covered altar of Uskayaw.
  5065 | D:7      | Reached skill level 7 in Invocations
  5070 | D:7      | Reached XP level 9. HP: 47/47 MP: 15/15
  5292 | D:7      | Reached skill level 8 in Invocations
  5573 | D:7      | Reached skill level 9 in Invocations
  6250 | D:8      | Reached XP level 10. HP: 53/53 MP: 15/18
  6323 | D:8      | Reached ****** piety under Uskayaw
  6467 | D:8      | Noticed a lindwurm
  6467 | D:8      | Noticed a lindwurm
  6495 | D:8      | Noticed a lindwurm
  6501 | D:8      | Found the +8 longbow "Zephyr" {speed, Dex+3 SInv}
  6503 | D:8      | Noticed a lindwurm
  6592 | D:8      | Killed a lindwurm
  6593 | D:8      | Reached skill level 10 in Invocations
  6593 | D:8      | Killed a lindwurm
  6595 | D:8      | Killed a lindwurm
  6596 | D:8      | Killed a lindwurm
  6827 | D:8      | Reached skill level 11 in Invocations
  6878 | D:8      | Noticed a death knight
  6896 | D:8      | Killed a death knight
  6897 | D:8      | Reached XP level 11. HP: 11/60 MP: 4/20
  7003 | D:8      | Paralysed by a hornet for 2 turns
  7183 | D:9      | Found a flagged portal.
  7197 | Bailey   | Entered a bailey
  7442 | Bailey   | Reached skill level 12 in Invocations
  7955 | D:9      | Noticed a two-headed ogre
  7996 | D:9      | Killed a two-headed ogre
  8106 | D:9      | Noticed a two-headed ogre
  8206 | D:9      | Killed a two-headed ogre
  8390 | D:9      | Reached skill level 13 in Invocations
  8429 | D:9      | Noticed a manticore
  8429 | D:9      | Noticed a centaur warrior
  8441 | D:9      | Noticed a boulder beetle
  8443 | D:9      | Killed a manticore
  8445 | D:9      | Killed a centaur warrior
  8446 | D:9      | Reached XP level 12. HP: 60/67 MP: 18/23
  8453 | D:9      | Killed a boulder beetle
  8646 | D:10     | Entered Level 10 of the Dungeon
  8823 | D:10     | Found a glowing silver altar of Zin.
  8823 | D:10     | Found a faded altar of an unknown god.
  8837 | D:10     | Found a faded altar of an unknown god.
  8839 | D:10     | Found a burning altar of Makhleb.
  8840 | D:10     | Found a snail-covered altar of Cheibriados.
  8879 | D:10     | Noticed a two-headed ogre
  8920 | D:10     | Killed a two-headed ogre
  8921 | D:10     | Reached skill level 14 in Invocations
  8991 | D:10     | Noticed a two-headed ogre
  9019 | D:10     | Killed a two-headed ogre
  9324 | D:10     | Identified the +3 chain mail "Pyup" {Int+7}
  9338 | D:10     | Reached skill level 10 in Fighting
  9900 | D:11     | You are sucked into a shaft and drop 3 floors!
  9942 | D:14     | Reached skill level 15 in Invocations
  9952 | D:14     | Noticed a two-headed ogre
  9959 | D:14     | Killed a two-headed ogre
 10117 | D:14     | Noticed a boulder beetle
 10117 | D:14     | Noticed a catoblepas
 10117 | D:14     | Noticed a catoblepas
 10117 | D:14     | Noticed an iron dragon
 10147 | D:14     | Killed a catoblepas
 10148 | D:14     | Reached skill level 1 in Armour
 10148 | D:14     | Reached skill level 1 in Evocations
 10181 | D:14     | Killed a catoblepas
 10295 | D:14     | Noticed a centaur warrior
 10303 | D:14     | Killed a centaur warrior
 10304 | D:14     | Reached XP level 13. HP: 73/73 MP: 25/25
 10307 | D:14     | Noticed a vault guard
 10312 | D:14     | Found a gate to the Vaults.
 10325 | D:14     | Killed a vault guard
 10508 | D:13     | Found a frozen archway.
 10567 | IceCv    | Entered an ice cave
 10917 | IceCv    | Noticed a frost giant
 10943 | IceCv    | Killed a frost giant
 11187 | IceCv    | Found the +8 lance "Wyrmbane" {slay drac, rPois rF+ rC+
                  | AC+3}
 11368 | IceCv    | Reached skill level 5 in Evocations
 11629 | D:11     | Found a staircase to the Lair.
 11711 | D:11     | Found a staircase to the Orcish Mines.
 11863 | D:11     | Noticed Grum
 11880 | D:11     | Killed Grum
 12278 | D:12     | Reached skill level 1 in Shields
 12714 | D:13     | Reached XP level 14. HP: 80/80 MP: 26/26
 13016 | D:13     | Noticed Josephine
 13031 | D:13     | Killed Josephine
 13432 | Lair:1   | Entered Level 1 of the Lair of Beasts
 13815 | Lair:1   | Found a runed translucent gate.
 13815 | Lair:1   | Found a runed translucent gate.
 13815 | Lair:1   | Found a runed translucent gate.
 13909 | Lair:1   | Noticed billz999's ghost (journeyman OgAE)
 14848 | Lair:2   | You are sucked into a shaft and drop 1 floor!
 14867 | Lair:3   | Noticed Nergalle
 14881 | Lair:3   | Killed Nergalle
 14900 | Lair:3   | Found a staircase to the Swamp.
 15041 | Lair:3   | Found a hazy altar of Hepliaklqana.
 15101 | Lair:2   | Reached skill level 16 in Invocations
 15184 | Lair:2   | Reached skill level 5 in Shields
 15187 | Lair:2   | Found a hole to the Spider Nest.
 15752 | Lair:3   | Found a transporter.
 15755 | Lair:3   | Found a transporter.
 15756 | Lair:3   | Found a one-way gate to the infinite horrors of the Abyss.
 15756 | Lair:3   | Noticed Losulif's ghost (journeyman MiMo)
 15797 | Lair:3   | Noticed a cyan very ugly thing
 15874 | Lair:3   | Killed Losulif's ghost
 15979 | Lair:3   | Reached XP level 15. HP: 86/86 MP: 28/28
 16202 | Lair:3   | Reached skill level 10 in Stealth
 16236 | Lair:3   | Noticed Fannar
 16250 | Lair:3   | Killed Fannar
 17601 | Lair:5   | Entered Level 5 of the Lair of Beasts
 18075 | Lair:5   | Found a viscous altar of Jiyva.
 18077 | Lair:5   | Found a staircase to the Slime Pits.
 18564 | Lair:5   | Reached skill level 17 in Invocations
 18798 | D:14     | Found the +6 shillelagh "Devastator" {shatter}
 19001 | D:14     | Killed an iron dragon
 19308 | D:14     | Found Weumiw's Book Shoppe.
 19314 | D:14     | Identified the +4 leather armour of the Vestibule of Hell
                  | {rC+ rCorr}
 19802 | D:15     | Entered Level 15 of the Dungeon
 20828 | D:15     | Found a staircase to the Depths.
 20833 | D:15     | Reached XP level 16. HP: 93/93 MP: 29/29
 21145 | Orc:1    | Entered Level 1 of the Orcish Mines
 21397 | Orc:2    | Entered Level 2 of the Orcish Mines
 21410 | Orc:2    | Found a staircase to the Elven Halls.
 21457 | Orc:2    | Found a dark tunnel.
 21475 | Volcano  | Entered a volcano
 21584 | Volcano  | Reached skill level 18 in Invocations
 21933 | Orc:2    | Found Diphagan's Firing Range.
 22142 | Orc:2    | Found Jextomef's General Store.
 22143 | Orc:2    | Found Bukecke's Magic Scroll Shoppe.
 22387 | Orc:2    | Bought a scroll of enchant armour for 97 gold pieces
 22387 | Orc:2    | Bought a scroll of magic mapping for 97 gold pieces
 22510 | Orc:2    | Gained mutation: You are frail. (-10% HP) [a neqoxec]
 22551 | Orc:2    | Found Lestref's Book Shop.
 22551 | Orc:2    | Found Utsoum's Antique Weapon Boutique.
 22552 | Orc:2    | Found a one-way gate leading to the halls of Pandemonium.
 22868 | Orc:2    | Bought a tin of tremorstones (2/2) for 600 gold pieces
 22868 | Orc:2    | Bought a scroll of summoning for 142 gold pieces
 22940 | Orc:1    | Noticed Jorgrun
 22942 | Orc:1    | Killed Jorgrun
 23344 | D:1      | Bought a potion of curing for 60 gold pieces
 23344 | D:1      | Bought a potion of might for 80 gold pieces
 23344 | D:1      | Bought a scroll of fear for 80 gold pieces
 23344 | D:1      | Bought a scroll of teleportation for 60 gold pieces
 23344 | D:1      | Bought a scroll of enchant armour for 150 gold pieces
 23344 | D:1      | Bought a wand of roots (3) for 144 gold pieces
 23581 | Swamp:1  | Entered Level 1 of the Swamp
 23784 | Swamp:1  | Noticed a thorn hunter
 23865 | Swamp:1  | Killed a thorn hunter
 24121 | Swamp:1  | Identified a scroll of acquirement
 24139 | Swamp:1  | Reached skill level 19 in Invocations
 24140 | Swamp:1  | Paralysed by a hornet for 3 turns
 24148 | Swamp:1  | Paralysed by a hornet for 2 turns
 24231 | Swamp:1  | Acquired a manual of Short Blades
 24412 | Swamp:2  | HP: 4/83 [poisoned by a swamp dragon (poison gas)]
 24417 | Swamp:2  | HP: 3/83 [poisoned by a swamp dragon (poison gas)]
 24596 | Swamp:2  | Noticed Mlioglotl
 24641 | Swamp:2  | Killed Mlioglotl
 24755 | Swamp:2  | Reached skill level 15 in Fighting
 24789 | Swamp:2  | Reached XP level 17. HP: 73/89 MP: 29/31
 24889 | Swamp:2  | Succumbed to poison (poison gas)

Illustrated notes

Levels and vault maps discovered:
D:1:      dpeg_arrival_solitude, layout_loops_ring, serial_shops,
          nicolae_lakefront_shop, nicolae_lakefront_shop, shop,
          nicolae_shop_overgrown_old_shop, roderic_serpentine_path,
          minmay_tetromino_s2
D:2:      minmay_diamond_boxcup, layout_loops_corners,
          chequers_ecumenical_altar_simple_redux, minmay_rat_gold_closets
D:3:      cheibrodos_helix_gallery, layout_basic, mainiacjoe_overflow_catwalk,
          fedhas_ov_isle_minmay
D:4:      layout_gridville, nicolae_dithmenos_the_darkroom,
          cheibrodos_sewer_entry_bend, chequers_serial_rivers_large_a
D:5:      layout_basic, mainiacjoe_overflow_small_starburst, uniq_edmund
D:6:      layout_loops_cross, dancing_weapons_uskayaw, temple_fountains,
          serial_bayou_lagoon_b
D:7:      layout_basic, kennysheep_generic_room_8
D:8:      cheibrodos_barr_body, layout_gridville, minmay_lindwurm_lava
D:9:      layout_basic, enter_bailey_3, minmay_the_grid_2x2
          [minmay_the_grid_aliased_spiral, minmay_the_grid_medium_cups,
          minmay_the_grid_outer_diamond, minmay_the_grid_prize_four_corners]
D:10:     layout_gridville, chequers_temple_overflow_minitemple,
          kennysheep_generic_room_10
D:11:     layout_basic, david_lair_shrubbed, orc_0_dummy, uniq_grum
D:12:     layout_roguey
D:13:     layout_roguey, portal_ice_cave_demonic_guard, elves_outpost_lemuel,
          uniq_josephine
D:14:     minmay_roctagon, layout_loops_cross, david_vaults_5,
          infiniplex_staircase_star, serial_shops, shop
D:15:     gammafunk_enter_depths_forms, layout_irregular_city,
          serial_column_ruins, column_ruins_grid_1, column_ruins_open_small,
          column_ruins_open_medium, column_ruins_corridor_corner,
          serial_bayou_lagoon_a
Lair:1:   layout_layer_cave, maelrawn_ghost_gauntlet_escape, grunt_megastairs_2,
          infiniplex_staircase_pool_2, serial_bayou_shore_a
Lair:2:   layout_regular_city, nicolae_spider_entry_tight_spaces,
          serial_bayou_shore_b
Lair:3:   layout_cave_pods, minmay_swamp_entry_wisps,
          gammafunk_ghost_abyssal_escape, lemuel_centaur_altar,
          grunt_megastairs_3, uniq_fannar, uniq_nergalle
Lair:4:   layout_cave_pods, serial_bayou_shore_b
Lair:5:   guppyfry_lair_end_dragon, layout_misc_corridors,
          minmay_slime_entry_oklob_enclosed
Swamp:1:  layout_basic_swamp, infiniplex_staircase_pool, swamp_pool1
Swamp:2:  layout_falls_marsh, evilmike_swamp_ruin_house_5, swamp_pool2,
          nicolae_swamp_soggy_hallways, uniq_mlioglotl
Orc:1:    layout_diamond_mine, basic_altar, uniq_jorgrun
Orc:2:    pf_orc_diabolical, layout_caves, special_room,
          lightli_volcano_entry_magma_tube, nicolae_shop_firing_range

Skill      XL: |  1  2  3  4  5  6  7  8  9 10 11 12 13 14 15 16 |
---------------+-------------------------------------------------+-----
Dodging        | 1 2 4 |  4.0
Stealth        | 5 6 9 11 13 | 13.8
Fighting       | 2 3 4 5 6 8 9 10 12 13 14 15 | 15.0
Short Blades   | 2 3 4 5 6 8 |  8.4
Throwing       | 2 |  2.0
Invocations    | 1 2 3 5 7 9 11 13 15 16 17 19 | 19.2
Armour         | 2 4 |  4.0
Evocations     | 2 5 |  5.5
Shields        | 1 5 |  5.0

Action                   |  1- 3 |  4- 6 |  7- 9 | 10-12 | 13-15 | 16-18 || total
-------------------------+-------+-------+-------+-------+-------+-------++-------
Melee: Dagger            |    91 |   196 |   260 |   519 |  1400 |   653 ||  3119
       Bite              |    16 |    38 |    79 |   185 |   607 |   280 ||  1205
       Punch             |     1 |       |     4 |     8 |     3 |       ||    16
 Fire: Longbow           |       |       |       |    12 |       |       ||    12
Throw: Dart              |       |     2 |       |    30 |       |       ||    32
       Boomerang         |       |       |       |       |     3 |       ||     3
Invok: Grand Finale      |       |       |       |       |     3 |     2 ||     5
Evoke: Wand              |       |       |     2 |       |    17 |     3 ||    22
  Use: Scroll            |       |    12 |     6 |    10 |     5 |     4 ||    37
       Potion            |       |       |     2 |     1 |       |     3 ||     6
 Stab: Sleeping          |    15 |     5 |     3 |       |    15 |    19 ||    57
       Distracted        |     1 |     2 |       |       |     6 |     3 ||    12
       Paralysed         |       |     4 |    15 |    36 |    90 |    35 ||   180
Armor: Robe              |    18 |       |       |       |       |       ||    18
       Scale mail        |     8 |   101 |   128 |   191 |       |       ||   428
       Skin              |       |       |    23 |       |       |       ||    23
       Chain mail        |       |       |       |    43 |    22 |       ||    65
       Ring mail         |       |       |       |       |   327 |       ||   327
       Leather armour    |       |       |       |       |    49 |   158 ||   207
Dodge: Dodged            |    38 |    66 |    82 |   273 |   771 |   386 ||  1616
Block: Buckler           |       |       |       |       |   350 |   188 ||   538

Table legend: (Time is in decaauts)
 A = Elapsed time spent in this place.
 B = Non-inter-level travel time spent in this place.
 C = Inter-level travel time spent in this place.
 D = Time resting spent in this place.
 E = Time spent auto-exploring this place.
 F = Levels seen in this place.
 G = Mean time per level.
                   A        B        C        D        E       F      G
               +--------+--------+--------+--------+--------+-----+--------+
         Total |  24004 |  21706 |   2298 |   1273 |  13589 |  28 |  857.3 |
       Dungeon |  14072 |  12576 |   1496 |    683 |   8237 |  15 |  938.1 |
          Lair |   5372 |   4755 |    617 |    157 |   3509 |   5 | 1074.4 |
         Swamp |   1233 |   1192 |     41 |    266 |    548 |   2 |  616.5 |
  Orcish Mines |   1545 |   1402 |    143 |     32 |    846 |   2 |  772.5 |
         Sewer |    357 |    357 |      0 |      9 |     36 |   1 |  357.0 |
        Bailey |    338 |    338 |      0 |      0 |    111 |   1 |  338.0 |
      Ice Cave |    782 |    782 |      0 |    126 |    201 |   1 |  782.0 |
       Volcano |    301 |    301 |      0 |      0 |    100 |   1 |  301.0 |
               +--------+--------+--------+--------+--------+-----+--------+

Top non-repeatable levels by time:
    D:14: 1569 daAuts
     D:7: 1130 daAuts
  Lair:1: 1112 daAuts
  Lair:4: 1102 daAuts
   Orc:2: 1101 daAuts
  Lair:3: 1091 daAuts
  Lair:5: 1079 daAuts
     D:9: 1078 daAuts
     D:2: 1061 daAuts
    D:11: 1052 daAuts
    D:15: 1020 daAuts
     D:8: 1005 daAuts
  Lair:2: 987 daAuts
     D:4: 951 daAuts
    D:10: 936 daAuts
